 Dungeon Crawl Stone Soup version 0.29.1-2-gbd0b4ee654 (webtiles) character file.

Game seed: 4092139784249195838

543 croobank the Caller (level 7, -2/69 HPs)
             Began as an Octopode Summoner on Nov 28, 2022.
             Killed from afar by an orc wizard (8 damage)
             ... with a puff of flame
             ... on level 4 of the Dungeon.
             The game lasted 00:13:27 (4521 turns).

croobank the Caller (Octopode Summoner)             Turns: 4521, Time: 00:13:28

Health: -2/69      AC:  1    Str:  7    XL:     7   Next: 27%
Magic:  9/12       EV: 14    Int: 20    God:
Gold:   200        SH:  0    Dex: 12    Spells: 4/13 levels left

rFire   . . .      SeeInvis .   s - +5 short sword (flame)
rCold   . . .      Faith    .   (no shield)
rNeg    . . .      Spirit   .   (helmet restricted)
rPois   .          Reflect  .   (no amulet)
rElec   .          Harm     .   (no ring)
rCorr   .          Rampage  .   (no ring)
Will    .....                   (no ring)
Stlth   ..........              (no ring)
HPRegen 0.21/turn               (no ring)
MPRegen 0.13/turn               (no ring)
                                (no ring)
                                (no ring)

@: berserking, very quick
A: almost no armour, amphibious, 8 rings, camouflage 1, gelatinous body 1,
(nimble swimmer 1), tentacles
a: no special abilities


You were on level 4 of the Dungeon.
You visited 1 branch of the dungeon, and saw 4 of its levels.

You collected 200 gold pieces.

Inventory:

Hand Weapons
 b - a +0 short sword of flaming
 s - a +5 short sword of flaming (weapon)
 v - a +3 dagger
Missiles
 l - 5 javelins
Wands
 t - a wand of flame (19)
 u - a wand of digging (2)
Scrolls
 n - 2 scrolls of teleportation
Potions
 a - a potion of magic
 c - 3 potions of curing
 d - 2 potions of berserk rage
 e - 2 potions of cancellation
 g - 2 potions of flight
 i - a potion of resistance {unknown}
 k - a potion of invisibility {unknown}
 m - a potion of degeneration {unknown}
 p - a potion of might {unknown}
 q - a potion of brilliance {unknown}
 w - a potion of lignification {unknown}


   Skills:
 + Level 3.0 Fighting
 + Level 3.8 Dodging
 - Level 4.6 Stealth
 + Level 3.5 Spellcasting
 + Level 1.6 Hexes
 + Level 5.2 Summonings


You had 4 spell levels left.
You knew the following spells:

 Your Spells              Type           Power      Damage    Failure   Level
a - Summon Small Mammal   Summ           96%        N/A       1%          1
b - Call Imp              Summ           24%        N/A       2%          2
c - Call Canine Familiar  Summ           24%        N/A       4%          3
d - Summon Guardian Gole  Hex/Summ       17%        N/A       10%         3

Your spell library contained the following spells:

 Spells                   Type           Power      Damage    Failure   Level
 Blink                    Tloc           6%         N/A       21%         2
 Gell's Gravitas          Tloc           3%         N/A       38%         3
 Ignite Poison            Fire/Tmut/Pois 3%         N/A       38%         3
 Lesser Beckoning         Tloc           3%         N/A       38%         3
 Mephitic Cloud           Conj/Pois/Air  3%         N/A       38%         3
 Teleport Other           Tloc           3%         N/A       38%         3
 Summon Lightning Spire   Summ/Air       13%        N/A       43%         4
 Freezing Cloud           Conj/Ice/Air   1%         6-21      98%         5
 Manifold Assault         Tloc           3%         N/A       98%         5
 Dispersal                Tloc           1%         N/A       100%        6


Dungeon Overview and Level Annotations

Branches:
Dungeon (4/15)
 Temple: D:4-7

Altars:


Innate Abilities, Weirdness & Mutations

You cannot wear most types of armour.
You are amphibious.
You can wear up to eight rings at the same time.
Your skin changes colour to match your surroundings (Stealth+).
Your rubbery body absorbs attacks. (AC +1, EV +1)
((You are camouflaged when in or above water. (Stealth+)))
You have tentacles for arms and can constrict up to eight enemies at once.


Message History

The adder bites you.
* * * LOW HITPOINT WARNING * * *
You are poisoned.
The adder poisons you!
You feel better. The adder closely misses you.
The endoplasm barely misses something.
The ball python misses you. The ball python constricts you.
A red film seems to cover your vision as you go berserk!
You feel yourself moving faster!
You feel mighty! The adder bites you. The ball python misses you.
The ball python constricts you. The orc hits you with a +0 hand axe.
Something hits you.
You puncture the adder! You burn the adder.
You kill the adder!
The ball python bites you but does no damage.
The ball python constricts you.
* * * LOW HITPOINT WARNING * * *
The orc barely misses you. Something hits you.
* * * LOW HITPOINT WARNING * * *
You closely miss the ball python. You grab the ball python.
You squeeze the ball python.
You kill the ball python!
The orc misses you. Something hits you.
* * * LOW HITPOINT WARNING * * *
You puncture the orc! You burn the orc.
You kill the orc!
You closely miss the orc. You grab the orc. You squeeze the orc.
The orc is severely wounded.
You constrict the orc, but do no damage.
The orc hits you with a +0 hand axe!
* * * LOW HITPOINT WARNING * * *
You hear some strange, mumbled words.
Something tries to affect you, but you resist.
You puncture the orc!
You kill the orc!
The orc hits you with a +0 club.
* * * LOW HITPOINT WARNING * * *
You hear some strange, mumbled words.
A puff of flame appears from out of thin air!
The puff of flame hits you!
You die...

...P..............
.#..P.h.........#
###........$....
.. ##..o..........
..
..#....Z.........
..
#.......Z.........
..
#....###.##.....
....###J{.#.....
..[# #.@).# ...#
..# #..†o## ...#
.. ###..# # ####


You could see an orc, an adder zombie, a howler monkey zombie and an endoplasm.

Vanquished Creatures
  An iguana (D:4)
  Natasha (twice) (D:3)
  An adder (D:4)
  A worm (D:3)
  2 orcs (D:4)
  3 ball pythons
  A giant cockroach (D:1)
  A kobold (D:3)
  A rat (D:1)
13 creatures vanquished.

Vanquished Creatures (collateral kills)
  Sigmund (D:3)
  A scorpion (D:2)
  Ijyb (D:3)
  A scorpion zombie (D:4)
  Natasha (D:3)
  2 hound zombies (D:4)
  5 adders
  2 adder skeletons (D:4)
  3 adder zombies (D:4)
  3 worms (D:2)
  A dart slug (D:4)
  3 orcs
  8 endoplasms
  2 giant cockroaches
  10 goblins
  2 hobgoblins
  A quokka (D:1)
  4 ball pythons
  4 bats
  3 frilled lizards
  5 kobolds
  3 rats
66 creatures vanquished.

Vanquished Creatures (others)
  A withered plant (D:4)
1 creature vanquished.

Grand Total: 80 creatures vanquished

Notes
Turn   | Place    | Note
-------+----------+-------------------------------------------
     0 | D:1      | croobank the Octopode Summoner began the quest for the Orb.
     0 | D:1      | Reached XP level 1. HP: 11/11 MP: 3/3
   485 | D:1      | Reached XP level 2. HP: 14/18 MP: 1/5
   488 | D:1      | Learned a level 2 spell: Call Imp
  1689 | D:2      | Reached XP level 3. HP: 22/22 MP: 2/6
  1848 | D:2      | Noticed a scorpion
  1860 | D:2      | Killed a scorpion
  1861 | D:2      | Reached skill level 1 in Fighting
  1861 | D:2      | Reached XP level 4. HP: 28/28 MP: 5/7
  1865 | D:2      | Learned a level 3 spell: Call Canine Familiar
  2510 | D:3      | Reached XP level 5. HP: 33/33 MP: 5/9
  3031 | D:3      | Noticed Natasha
  3038 | D:3      | Killed Natasha
  3098 | D:3      | Noticed Natasha
  3117 | D:3      | Killed Natasha
  3127 | D:3      | Noticed Natasha
  3140 | D:3      | Killed Natasha
  3315 | D:3      | Reached XP level 6. HP: 39/39 MP: 4/10
  3315 | D:3      | Noticed Ijyb
  3327 | D:3      | Killed Ijyb
  3709 | D:3      | Noticed Sigmund
  3718 | D:3      | Learned a level 3 spell: Summon Guardian Golem
  3727 | D:3      | Killed Sigmund
  3728 | D:3      | Reached skill level 1 in Hexes
  3728 | D:3      | Reached skill level 5 in Summonings
  3996 | D:4      | Reached XP level 7. HP: 45/45 MP: 7/12
  4521 | D:4      | Killed from afar by an orc wizard

Illustrated notes

Levels and vault maps discovered:
D:1:      lordsloth_arrival_two_stooges, layout_basic, chequers_jeans,
          st_stairs_11
D:2:      layout_basic
D:3:      kennysheep_the_goblin_king, layout_loops_ring, uniq_natasha,
          uniq_ijyb, uniq_sigmund
D:4:      layout_cave_pools, serial_undead, serial_undead_c, serial_undead_d,
          serial_undead_a, serial_undead_b, serial_undead_b, serial_undead_a,
          serial_undead_e, serial_undead_e

Skill      XL: |  1  2  3  4  5  6  7 |
---------------+----------------------+-----
Stealth        | 3 4 |  4.6
Fighting       | 1 2 3 |  3.0
Dodging        | 3 |  3.8
Spellcasting   | 3 |  3.5
Hexes          | 1 |  1.6
Summonings     | 5 |  5.2

Action                   |  1- 3 |  4- 6 |  7- 9 || total
-------------------------+-------+-------+-------++-------
Melee: Unarmed           |     3 |       |       ||     3
       Short sword       |     9 |    15 |    12 ||    36
       Constrict         |     2 |     5 |     3 ||    10
       Tentacles         |     1 |     3 |     3 ||     7
 Cast: Summon Small Mamm |    33 |    25 |    16 ||    74
       Call Imp          |    10 |    12 |     3 ||    25
       Call Canine Famil |       |    17 |     7 ||    24
  Use: Scroll            |       |       |     9 ||     9
       Potion            |       |       |     3 ||     3
 Stab: Distracted        |       |     1 |     1 ||     2
Armor: Skin              |     2 |       |     1 ||     3
Dodge: Dodged            |    16 |     8 |    15 ||    39
